 Dungeon Crawl Stone Soup version 0.24-a0-269-g32ec7ca (webtiles) character file.

Game seed: 8262871565043709718

15 AngleWyrm the Caller (level 2, 0/19 HPs)
             Began as a Merfolk Summoner on Apr 21, 2019.
             Slain by a gnoll
             ... wielding a +0 club
              (2 damage)
             ... on level 2 of the Dungeon.
             The game lasted 00:10:54 (895 turns).

AngleWyrm the Caller (Merfolk Summoner)              Turns: 895, Time: 00:10:55

Health: 0/19       AC:  2    Str:  8    XL:     2   Next: 50%
Magic:  0/5        EV: 13    Int: 14    God:
Gold:   43         SH:  0    Dex: 14    Spells: 2/5 levels left

rFire    . . .     SeeInvis .   e - +2 dagger (speed)
rCold    . . .     Gourm    .   (no shield)
rNeg     . . .     Faith    .   a - +0 robe
rPois    .         Spirit   .   (no helmet)
rElec    .         Reflect  .   (no cloak)
rCorr    .         Harm     .   (no gloves)
MR       .....                  (no boots)
Stlth    ++........             (no amulet)
HPRegen  0.06/turn              (no ring)
MPRegen  0.09/turn              (no ring)

@: no status effects
A: change form in water, swift swim, stealthy swim
a: no special abilities


You were on level 2 of the Dungeon.
You were not hungry.

You visited 1 branch of the dungeon, and saw 2 of its levels.

You collected 43 gold pieces.

Inventory:

Hand Weapons
 b - a +0 vampiric dagger
 e - a +2 dagger of speed (weapon)
Missiles
 f - 6 stones (quivered)
Armour
 a - a +0 robe (worn)
Scrolls
 g - 2 scrolls of teleportation
Potions
 h - a potion of degeneration
Comestibles
 c - a ration


   Skills:
 + Level 3.0 Dodging
 + Level 2.3 Stealth
 + Level 2.0 Spellcasting
 + Level 4.4 Summonings


You had 2 spell levels left.
You knew the following spells:

 Your Spells              Type           Power        Failure   Level  Hunger
a - Summon Small Mammal   Summ           ##..         3%          1    ##.....
b - Call Imp              Summ           ##......     6%          2    ###....

Your spell library contained the following spells:

 Spells                   Type           Power        Failure   Level  Hunger
 Call Canine Familiar     Summ           ##......     12%         3    ####...
 Summon Guardian Golem    Hex/Summ       #.......     28%         3    ####...
 Summon Ice Beast         Ice/Summ       #.......     67%         4    #####..
 Summon Lightning Spire   Summ/Air       #.......     67%         4    #####..


Dungeon Overview and Level Annotations

Branches:
Dungeon (2/15)

Altars:


Message History

The gnoll is severely wounded.
The gnoll misses you.
Your shadow imp barely misses the gnoll.
The gnoll barely misses you.
The gnoll closely misses your shadow imp.
The leopard gecko misses your shadow imp.
Your shadow imp hits the gnoll but does no damage.
You closely miss the gnoll.
The gnoll is severely wounded.
The gnoll hits your shadow imp but does no damage.
The gnoll completely misses you.
Your shadow imp closely misses the gnoll.
The gnoll barely misses your shadow imp.
Your shadow imp barely misses the gnoll.
Casting: Call Imp (safe; 6% risk of failure)
Confirm with . or Enter, or press ? or * to list all spells.
The gnoll hits you from afar with a +0 spear.
* * * LOW HITPOINT WARNING * * *
The gnoll hits you with a +0 club.
You die...

#........#
#<.......#
##...#####
#....##
###.....#
#.......###
#....r....#
#.......#.#
.#######@.#.##..
.......(g.......
.####.##lg#.##.#
# #g.#.#
.......g5......
####.##....##.#
# #..5.# #....#
......


You could see 4 gnolls, a leopard gecko, a friendly crimson imp, a friendly
shadow imp and a friendly quokka.

Vanquished Creatures
  2 goblins
  A hobgoblin (D:1)
  2 ball pythons (D:1)
  2 frilled lizards (D:1)
  3 kobolds (D:1)
10 creatures vanquished.

Vanquished Creatures (collateral kills)
  A dart slug (D:1)
  A giant cockroach (D:1)
  2 goblins (D:1)
  A bat (D:1)
5 creatures vanquished.

Grand Total: 15 creatures vanquished

Notes
Turn   | Place    | Note
-------+----------+-------------------------------------------
     0 | D:1      | AngleWyrm the Merfolk Summoner began the quest for the Orb.
     0 | D:1      | Reached XP level 1. HP: 13/13 MP: 3/3
   218 | D:1      | Reached XP level 2. HP: 19/19 MP: 3/5
   222 | D:1      | Learned a level 2 spell: Call Imp
   895 | D:2      | Slain by a gnoll

Levels and vault maps discovered:
D:1:      dpeg_arrival_tiny_a, layout_basic
D:2:      layout_basic, bh_chokoban, uniq_natasha, uniq_jessica

Skill      XL: |  1 |
---------------+----+-----
Dodging        | 3 |  3.0
Stealth        | |  2.3
Spellcasting   | |  2.0
Summonings     | |  4.4

Action                   || total
-------------------------++-------
Melee: Dagger            ||    30
       Unarmed           ||     6
 Cast: Summon Small Mamm ||    17
       Call Imp          ||     2
  Use: Scroll            ||     2
 Stab: Sleeping          ||     2
Armor: Robe              ||     4
Dodge: Dodged            ||    21

Table legend:
 A = Non-vault XP
 B = Vault XP
 C = Vault XP percentage of total XP
 D = Non-vault monster count
 E = Vault monster count
 F = Vault count percentage of total count
                 A         B        C        D         E       F
            +---------+---------+-------+---------+---------+-------
      Total |      22 |       0 |   0.0 |      15 |       0 |   0.0
            +---------+---------+-------+---------+---------+-------
        D:1 |      20 |       0 |   0.0 |      14 |       0 |   0.0
        D:2 |       2 |       0 |   0.0 |       1 |       0 |   0.0
            +---------+---------+-------+---------+---------+-------
